 Dungeon Crawl Stone Soup version 0.29-a0-559-g359e09b9d1 (webtiles) character file.

Game seed: 16021850140522435808

46 frimble the Chiller (level 4, -5/36 HPs)
             Began as a Meteoran Ice Elementalist on June 10, 2022.
             Killed from afar by a white imp (9 damage)
             ... with a puff of frost
             ... on level 3 of the Dungeon.
             The game lasted 00:04:19 (1547 turns).

frimble the Chiller (Meteoran Ice Elementalist)     Turns: 1547, Time: 00:04:20

Health: -5/36      AC:  2    Str:  9    XL:     4   Next: 15%
Magic:  7/9        EV: 12    Int: 19    God:
Gold:   175        SH:  0    Dex: 14    Spells: 2/9 levels left

rFire   . . .      SeeInvis .   d - +0 long sword
rCold   . . .      Faith    .   (no shield)
rNeg    . . .      Spirit   .   a - +0 robe
rPois   .          Reflect  .   (no helmet)
rElec   .          Harm     .   (no cloak)
rCorr   .          Rampage  .   (no gloves)
Will    .....      Clarity  +   (no boots)
Stlth   +.........              (no amulet)
HPRegen 0.12/turn               (no ring)
MPRegen 0.11/turn               (no ring)

@: freezing walls, glowing
A: sense surroundings 1, otherworldly, glowing, explore regen, clarity, sturdy
frame 1
a: no special abilities


You were on level 3 of the Dungeon.
You visited 1 branch of the dungeon, and saw 3 of its levels.

You collected 175 gold pieces.

Inventory:

Hand Weapons
 d - a +0 long sword (weapon)
Armour
 a - a +0 robe (worn)
Wands
 l - a wand of flame (17)
Scrolls
 c - 4 scrolls of teleportation {unknown}
 g - 3 scrolls of identify {unknown}
 i - a scroll of silence {unknown}
 m - 2 scrolls of poison {unknown}
 n - 2 scrolls of fear {unknown}
Potions
 b - a potion of magic
 e - a potion of might {unknown}
 f - a potion of curing {unknown}
 h - a potion of mutation
 j - a potion of berserk rage {unknown}
 k - 2 potions of degeneration {unknown}


   Skills:
 + Level 1.7 Fighting
 - Level 0.9 Long Blades
 - Level 2.5 Dodging
 - Level 1.5 Stealth
 + Level 3.2 Spellcasting
 + Level 4.9 Ice Magic


You had 2 spell levels left.
You knew the following spells:

 Your Spells              Type           Power      Damage    Failure   Level
a - Freeze                Ice            84%        1d10      1%          1
b - Frozen Ramparts       Ice            42%        1d6       6%          3
c - Ozocubu's Armour      Ice            21%        N/A       6%          3

Your spell library contained the following spells:

 Spells                   Type           Power      Damage    Failure   Level
 Ignite Poison            Fire/Tmut/Pois 3%         N/A       41%         3
 Mephitic Cloud           Conj/Pois/Air  3%         N/A       41%         3
 Hailstorm                Conj/Ice       12%        3d5       47%         4
 Freezing Cloud           Conj/Ice/Air   4%         6-21      91%         5


Dungeon Overview and Level Annotations

Branches:
Dungeon (3/15)

Altars:
Fedhas
Gozag
Okawaru
Uskayaw


Innate Abilities, Weirdness & Mutations

You passively map a small area around you.
You are easily found by Zot.
You glow in the dark.
You regain HP and MP as you explore.
You possess an exceptional clarity of mind.
Your movements are slightly less encumbered by armour. (ER -2)


Message History

The puff of frost hits you! The white imp gestures at you.
The puff of frost hits you. The adder bites you.
You are poisoned.
The adder poisons you!
Found an escape hatch in the ceiling.
You feel sick.
You see here 17 gold pieces.
You feel sick.
There is a transporter here.
You enter the transporter and appear at another place.
You feel sick. The adder barely misses you. The white imp hits you.
* * * LOW HITPOINT WARNING * * *
The white imp freezes you.
* * * LOW HITPOINT WARNING * * *
The adder barely misses you.
Casting: Freeze (safe; 1% risk of failure)
Confirm with . or Enter, or press ? or * to list all spells.
Casting: Frozen Ramparts (dangerous; 6% risk of failure)
Press: ? - help, Dir - look around, f - activate A transporter landing site.
The walls around you are covered in ice.
You feel sick.
You are no longer poisoned.
The white imp resists.
The wall freezes the white imp.
The white imp summons a swarm of flies.
The white imp hits you.
* * * LOW HITPOINT WARNING * * *
The white imp freezes you.
* * * LOW HITPOINT WARNING * * *
The wall freezes the adder but does no damage.
The adder barely misses you.
It was a potion of mutation.
You feel extremely strange.
You feel less encumbered by your armour.
Your thoughts seem clearer.
The wall freezes the adder.
The adder bites you but does no damage.
The white imp completely resists.
The wall freezes the white imp but does no damage.
The white imp gestures at you. The puff of frost hits you!
You die...

############*
##...........## ##
#..#########..#
.###.##.......##.#
.....#8..#.#?.8#.#
.....#..#..!#$$#.##
.....#.......!_#..##
.#..©#..©...r$$#@S.#
.##..#.$.$..o(_#5..#
.###.#..#...#)$#...#
+# #.#8..#.#..8#..##
, #.##..$©...##..#
#..#########...#
...#......[....#.#
....####...#####.#
..... , ..... , ,


You could see an adder, a white imp, an orc and a quokka.

Vanquished Creatures
  An adder (D:2)
  An orc (D:3)
  A bat (D:3)
  4 endoplasms
  4 hobgoblins
  5 jackals
  2 ball pythons (D:1)
  2 frilled lizards (D:1)
  6 goblins
  3 kobolds
  6 rats
35 creatures vanquished.

Notes
Turn   | Place    | Note
-------+----------+-------------------------------------------
     0 | D:1      | frimble the Meteoran Ice Elementalist began the quest for
                  | the Orb.
     0 | D:1      | Reached XP level 1. HP: 14/14 MP: 5/5
    54 | D:1      | Reached XP level 2. HP: 22/22 MP: 1/6
   364 | D:1      | Reached skill level 1 in Fighting
   492 | D:1      | Glimpsed the power of Zot.
   542 | D:2      | Reached XP level 3. HP: 28/28 MP: 5/8
   683 | D:2      | Learned a level 3 spell: Frozen Ramparts
   687 | D:2      | Learned a level 3 spell: Ozocubu's Armour
  1086 | D:2      | Glimpsed the power of Zot.
  1202 | D:3      | Found a blossoming altar of Fedhas.
  1212 | D:3      | Found a hide-covered altar of Uskayaw.
  1262 | D:3      | Reached XP level 4. HP: 16/35 MP: 9/9
  1530 | D:3      | Found a transporter.
  1537 | D:3      | Found a transporter.
  1539 | D:3      | Found an iron altar of Okawaru.
  1539 | D:3      | Found an opulent altar of Gozag.
  1547 | D:3      | Gained mutation: Your movements are slightly less
                  | encumbered by armour. (ER -2) [potion of mutation]
  1547 | D:3      | Gained mutation: You possess an exceptional clarity of
                  | mind. [potion of mutation]
  1547 | D:3      | Killed from afar by a white imp

Illustrated notes

Levels and vault maps discovered:
D:1:      minmay_arrival_jagged, layout_loops_cross, minmay_crystal_room
D:2:      layout_loops_ring
D:3:      layout_loops_corners, gammafunk_temple_overflow_arena, fedhas_altar_2,
          lemuel_round_altar

Skill      XL: |  1  2  3 |
---------------+----------+-----
Fighting       | 1 |  1.7
Spellcasting   | 3 |  3.2
Long Blades    | |  0.9
Dodging        | |  2.5
Stealth        | |  1.5
Ice Magic      | |  4.9

Action                   |  1- 3 |  4- 6 || total
-------------------------+-------+-------++-------
Melee: Unarmed           |     1 |       ||     1
       Long sword        |    48 |     2 ||    50
 Cast: Freeze            |    24 |     6 ||    30
       Frozen Ramparts   |     2 |     1 ||     3
  Use: Potion            |       |     1 ||     1
Armor: Robe              |    10 |     3 ||    13
Dodge: Dodged            |    35 |     4 ||    39

Table legend: (Time is in decaauts)
 A = Elapsed time spent in this place.
 B = Non-inter-level travel time spent in this place.
 C = Inter-level travel time spent in this place.
 D = Time resting spent in this place.
 E = Time spent auto-exploring this place.
 F = Levels seen in this place.
 G = Mean time per level.
                   A        B        C        D        E       F      G
               +--------+--------+--------+--------+--------+-----+--------+
         Total |   1565 |   1487 |     78 |      0 |   1185 |   3 |  521.7 |
       Dungeon |   1565 |   1487 |     78 |      0 |   1185 |   3 |  521.7 |
               +--------+--------+--------+--------+--------+-----+--------+

Top non-repeatable levels by time:
     D:1: 580 daAuts
     D:2: 545 daAuts
     D:3: 439 daAuts
